Unix NetHack Version 5.0.0-0 post-release - last build Jul 19 2026 19:10:59 (3aa4ab31751d3886436d94b585a96704892fd477,branch:main).

Game began 2026-07-30 15:41:37, ended 2026-07-30 16:03:00.

ChoHag, neutral male human Tourist

                                      ----
                                     --..|        ----                  -------
                                     |...--       |..|        ----     --..|..|
                                     |....---    --..|   ------..-------......|
                                     ----...|    |...-----.....^.............-
                                        |...--    -.....|..----.---------...--
                                       --....--  --.......--  |.|----   |....-
                                       |......|  |.......-- ---.||..--  ----..|
                                      --.....--  -.---...----...|-...|      ..|
                                     --..--..|   .-  |....|-..--|....|      ---
                                    --..--|..|  --  --....|..--  -..-
                                   --.f-- |.--      |*..|..`--   |-.|
                                  --..--  |.|       --..|...|    |.--
                                h |..--   |.|       --...<..|    |.|
                               | --^--    |.|     ---....)..--  --.|---
                               |.G@.|     |.---  --..........-- |..|..--
                               |..---     |...----..........[.---..|...|
                               ---        |.............).............--
                                          |...--.....)................|
                                          --.------.------------.|.----
                                           ---    ---          -----
ChoHag the Sightseer        St:15 Dx:13 Co:15 In:12 Wi:9 Ch:14  Neutral S:400
Dlvl:4  $:182 HP:0(26) Pw:12(12) AC:2  Xp:3/48 T:1734 

Latest messages:
 Joe misses the dwarf.
 Joe misses the dwarf.
 Joe misses the dwarf.
 Joe bites the dwarf.
 What do you want to use or apply? [kmoqtILNO or ?*] ?
 In what direction? h
 The dwarf is blinded by the flash!
 The dwarf turns to flee.
 Welcome to experience level 3.
 Joe misses the dwarf.
 Joe bites the dwarf.
 The dwarf misses Joe.
 Joe bites the dwarf.
 The dwarf is killed!
 You swap places with Joe.
 U - a pair of hard shoes.
 V - a hooded cloak.
 What do you want to wear? [U or ?*] ?
 You finish your dressing maneuver.
 What do you want to drop? [$a-cf-zABDEG-V or ?*] V
 You drop a hooded cloak.
 The gnome wields a crossbow!
 The gnome shoots 2 crossbow bolts!
 The 1st crossbow bolt misses you.
 You are hit by the 2nd crossbow bolt!
 The gnome shoots 3 crossbow bolts!
 The 1st crossbow bolt misses you.
 The 2nd crossbow bolt misses you.
 You are almost hit by the 3rd crossbow bolt.
 In what direction? b
 You kill the gnome!
 a - a blessed +2 dart (at the ready) (23 in total).
 Joe picks up a crossbow.
 There is nothing here to pick up.
 There is nothing here to pick up.
 Your pack shakes violently!
 A cloud of gas puts you to sleep!
 The gnome lord zaps a brass wand!
 The wand misses you.
 The gnome lord zaps a brass wand!
 The wand misses you.
 The gnome lord zaps a brass wand!
 The wand hits you!
 The gnome lord zaps a wand of striking!
 The wand hits you!
 The gnome lord zaps a wand of striking!
 The wand misses you.
 The gnome lord zaps a wand of striking!
 The wand hits you!
 You die...

Inventory:
 Coins    ('$')
  $ - 182 gold pieces
 Weapons  (')')
  a - 23 blessed +2 darts (at the ready)
  y - a +0 long sword (weapon in right hand)
  G - a +0 elven dagger
  M - 7 +0 darts
  P - 3 +0 arrows
  Q - a +0 bow
  S - a blessed +0 aklys
  T - a cursed +0 dagger
 Armor    ('[')
  l - an uncursed +0 Hawaiian shirt with a hibiscus flower motif (being worn)
  w - an uncursed +0 helm of telepathy (being worn)
  x - an uncursed +0 cloak of protection (being worn)
  z - an uncursed +0 pair of leather gloves
  A - a blessed +1 cloak of magic resistance
  B - a blessed +0 pair of gauntlets of dexterity (being worn)
  D - an uncursed +0 oilskin cloak
  U - an uncursed +1 pair of iron shoes (being worn)
 Comestibles  ('%')
  b - 2 uncursed cheeses
  c - 2 uncursed eggs
  f - 2 uncursed food rations
  g - an uncursed homemade tin of sewer rat meat
  h - an uncursed tin of pureed lichen
  i - an uncursed fortune cookie
  s - 2 uncursed lichen corpses
 Scrolls  ('?')
  n - 4 uncursed scrolls of magic mapping
  E - a cursed scroll of enchant weapon
  R - an uncursed scroll of teleportation
 Spellbooks  ('+')
  q - an uncursed spellbook of detect monsters
  O - a blessed spellbook of create monster
 Potions  ('!')
  j - 2 uncursed potions of extra healing
  u - an uncursed potion of gain energy
  H - an uncursed potion of invisibility
 Rings    ('=')
  r - an uncursed ring of searching
 Tools    ('(')
  k - an uncursed credit card
  m - an expensive camera (0:74)
  o - a magic marker (0:19)
  t - an uncursed mirror
  I - a cursed bag of tricks (0:5)
  L - an uncursed skeleton key
  N - an uncursed tallow candle
 Gems/Stones  ('*')
  p - an uncursed worthless piece of yellowish brown glass
  v - an uncursed worthless piece of green glass
  J - 11 uncursed rocks
  K - 2 uncursed worthless pieces of yellow glass

ChoHag the Tourist's attributes:

Background:
 You were a Sightseer, a level 3 male human Tourist.
 You were neutral, on a mission for The Lady
 who was opposed by Blind Io (lawful) and Offler (chaotic).
 You were right-handed.
 You were in the Gnomish Mines, on level 4.
 You entered the dungeon 1734 turns ago.
 There was a full moon in effect when your adventure ended.
 You had 48 experience points, 32 more were needed to attain level 4.
 Your score was 400 before end-of-game adjustments.

Basics:
 You had 0 out of 26 hit points.
 You had all 12 energy points (spell power).
 Your armor class was 2.
 Your wallet contained 182 zorkmids.
 Autopickup was on for '$!/?"+=' plus thrown.

Final Characteristics:
 Your strength was 15 (limit:18/100).
 Your dexterity was 13 (limit:18).
 Your constitution was 15 (limit:18).
 Your intelligence was 12 (limit:18).
 Your wisdom was 9 (limit:18).
 Your charisma was 14 (limit:18).

Final Status:
 You weren't hungry.
 You were unencumbered.
 You were wielding a long sword.
 You were unskilled in long sword.

Final Attributes:
 You were stridently aligned.
 You were telepathic.
 You were protected.
 You were lucky.
 You are dead.

Miscellaneous:
 You didn't encounter any bones levels.
 Total elapsed playing time was 21 minutes and 22 seconds.

Major events:
 Turn
    1: ChoHag the neutral male human Tourist entered the dungeon
 1383: entered the Gnomish Mines
 1637: attained the rank of Sightseer (level 3)
 1734: killed by a wand, while sleeping

You didn't know any spells.

Skills:
 Fighting Skills
   bare handed combat [Unskilled]
   two weapon combat  [Unskilled]
   riding             [Unskilled]
 Weapon Skills
   dagger             [Unskilled]
   knife              [Unskilled]
   axe                [Unskilled]
   pick-axe           [Unskilled]
   short sword        [Unskilled]
   broadsword         [Unskilled]
   long sword         [Unskilled]
   two-handed sword   [Unskilled]
   saber              [Unskilled]
   mace               [Unskilled]
   morning star       [Unskilled]
   flail              [Unskilled]
   hammer             [Unskilled]
   quarterstaff       [Unskilled]
   polearms           [Unskilled]
   spear              [Unskilled]
   trident            [Unskilled]
   lance              [Unskilled]
   bow                [Unskilled]
   sling              [Unskilled]
   crossbow           [Unskilled]
   dart               [Basic]
   shuriken           [Unskilled]
   boomerang          [Unskilled]
   whip               [Unskilled]
   unicorn horn       [Unskilled]
 Spellcasting Skills
   divination spells  [Unskilled]
   enchantment spells [Unskilled]
   escape spells      [Unskilled]

Voluntary challenges:
 Character rerolling was not enabled.
 You never genocided any monsters.
 You never polymorphed an object.
 You never changed form.
 You used no wishes.
Achievements:
 You entered a shop.
 You entered the Gnomish Mines.
 You attained the rank of Sightseer.

 The Dungeons of Doom: levels 1 to 4
    Level 1:
    Level 2:
       An armor shop.
    Level 3: "vault"
       Stairs down to The Gnomish Mines.
    Level 4:
 The Gnomish Mines:
    Level 4: <- You were here.
       Final resting place for
          you, killed by a wand, while sleeping.


Vanquished creatures:
  a bugbear
  a water nymph
  a dwarf
  a hobbit
  9 gnomes
  3 jackals
  2 kobolds
  a goblin
  2 sewer rats
  6 grid bugs
  2 lichens
  a kobold zombie
  2 newts
32 creatures vanquished.

No species were genocided or became extinct.

Game over:
                       ----------
                      /          \
                     /    REST    \
                    /      IN      \
                   /     PEACE      \
                  /                  \
                  |      ChoHag      |
                  |      182 Au      |
                  | killed by a wand |
                  |                  |
                  |                  |
                  |                  |
                  |       2026       |
                 *|     *  *  *      | *
        _________)/\\_//(\/(/\)/\//\/|_)_______

Aloha ChoHag the Tourist...

You died in The Gnomish Mines on dungeon level 4 with 395 points,
and 182 pieces of gold, after 1734 moves.
You were level 3 with a maximum of 26 hit points when you died.

